TOP OF THE 1ST |
San Jose Missions batting - Pitching for District 9 Prawns : RHP Eric Love
|
Pitching: RHP Eric Love
|
|
Batting: RHB Peyton Pennington
|
0-0: Ball 1-0: Ball 2-0: Swinging Strike 2-1: Called Strike 2-2: SINGLE (Line Drive, 78S)
|
Batting: LHB Arturo Rivera
|
0-0: Ball 1-0: SINGLE (Groundball, 34) (infield hit) Peyton Pennington to second
|
Batting: RHB Armando López
|
0-0: Ball 1-0: Ball 2-0: Ball 3-0: Base on Balls Peyton Pennington to third Arturo Rivera to second
|
Batting: LHB Miguel Montés
|
0-0: Called Strike 0-1: Swinging Strike 0-2: Strikes out swinging
|
Batting: RHB Raúl Perales
|
0-0: Foul Ball, location: 2F 0-1: Ball 1-1: Called Strike 1-2: Ball 2-2: Fly out, F6 (Line Drive, 6M)
|
Batting: RHB Dave Wookey
|
0-0: Called Strike 0-1: Ball 1-1: SINGLE (Groundball, 56) (infield hit) Peyton Pennington scores Arturo Rivera to third Armando López to second
|
Batting: RHB Joe Broadhead
|
0-0: Called Strike 0-1: Ball 1-1: Ball 2-1: Foul Ball, location: 2F 2-2: Ball 3-2: Base on Balls Arturo Rivera scores Armando López to third Dave Wookey to second
|
Batting: RHB Luis Antonio Rosas
|
0-0: Foul Ball, location: 2F 0-1: Ball 1-1: Called Strike 1-2: Foul Ball, location: 2F 1-2: Ball 2-2: Ground out 5-3 (Groundball, 5)
|
Top of the 1st over - 2 run(s), 3 hit(s), 0 error(s), 3 left on base; San Jose 2 - District 9 0 |
BOTTOM OF THE 1ST |
District 9 Prawns batting - Pitching for San Jose Missions : LHP Ron Seccombe
|
Pitching: LHP Ron Seccombe
|
|
Batting: LHB Brian Roy
|
0-0: Called Strike 0-1: Called Strike 0-2: Ground out 4-3 (Groundball, 4)
|
Batting: RHB Alfredo Cortéz
|
0-0: Ball 1-0: Swinging Strike 1-1: Ball 2-1: Called Strike 2-2: Foul Ball, location: 2F 2-2: Ground out U3 (Groundball, 3)
|
Batting: RHB Tony Guzmán
|
0-0: Foul Ball, location: 2F 0-1: Called Strike 0-2: DOUBLE (Line Drive, 3D)
|
Batting: SHB Tommy Bourassa
|
0-0: Foul Ball, location: 2F 0-1: Ball 1-1: Swinging Strike 1-2: 2-RUN HOME RUN (Flyball, 7D), Distance : 398 ft
|
Batting: RHB Lúcio García
|
0-0: Ball 1-0: Fly out, F3 (Popup, 3SF)
|
Bottom of the 1st over - 2 run(s), 2 hit(s), 0 error(s), 0 left on base; San Jose 2 - District 9 2 |
TOP OF THE 2ND |
San Jose Missions batting - Pitching for District 9 Prawns : RHP Eric Love
|
Batting: LHB Wilson Vecino
|
0-0: Ground out U3 (Groundball, 3)
|
Batting: RHB Peyton Pennington
|
0-0: Ball 1-0: Called Strike 1-1: Ball 2-1: Foul Ball, location: 2F 2-2: Ball 3-2: Base on Balls
|
Batting: LHB Arturo Rivera
|
0-0: Ball 1-0: Called Strike 1-1: Ball 2-1: Foul Ball, location: 2F 2-2: Ball Peyton Pennington steals 2nd base 3-2: Base on Balls
|
Batting: RHB Armando López
|
0-0: Called Strike 0-1: Foul Ball, location: 2F 0-2: Ball 1-2: SINGLE (Groundball, 15S) (infield hit) Peyton Pennington to third Arturo Rivera to second
|
Batting: LHB Miguel Montés
|
0-0: Swinging Strike 0-1: Ball 1-1: Foul Ball, location: 2F 1-2: Ball 2-2: Hit by Pitch Peyton Pennington scores Arturo Rivera to third Armando López to second
|
Batting: RHB Raúl Perales
|
0-0: Called Strike 0-1: Ball 1-1: Grounds into double play, 5-4-3 (Groundball, 5)
|
Top of the 2nd over - 1 run(s), 1 hit(s), 0 error(s), 2 left on base; San Jose 3 - District 9 2 |
BOTTOM OF THE 2ND |
District 9 Prawns batting - Pitching for San Jose Missions : LHP Ron Seccombe
|
Batting: RHB Doug O'Brien
|
0-0: Called Strike 0-1: Fly out, F7 (Line Drive, 7S)
|
Batting: RHB Lateef Makini
|
0-0: Ball 1-0: Called Strike 1-1: Reached on error, E5 (Groundball, 5S)
|
Batting: RHB Phil Jacobs
|
0-0: Ball 1-0: Called Strike 1-1: Foul Ball, location: 2F 1-2: Foul Ball, location: 2F 1-2: Ball 2-2: Grounds into double play, 4-6-3 (Groundball, 4)
|
Bottom of the 2nd over - 0 run(s), 0 hit(s), 1 error(s), 0 left on base; San Jose 3 - District 9 2 |
TOP OF THE 3RD |
San Jose Missions batting - Pitching for District 9 Prawns : RHP Eric Love
|
Batting: RHB Dave Wookey
|
0-0: Called Strike 0-1: Foul Ball, location: 2F 0-2: Fly out, F9 (Flyball, 89M)
|
Batting: RHB Joe Broadhead
|
0-0: Ball 1-0: Foul Ball, location: 2F 1-1: Ground out 6-3 (Groundball, 6)
|
Batting: RHB Luis Antonio Rosas
|
0-0: Ball 1-0: Foul Ball, location: 2F 1-1: Fly out, F5 (Popup, 15)
|
Top of the 3rd over - 0 run(s), 0 hit(s), 0 error(s), 0 left on base; San Jose 3 - District 9 2 |
BOTTOM OF THE 3RD |
District 9 Prawns batting - Pitching for San Jose Missions : LHP Ron Seccombe
|
Batting: SHB Mark Pope
|
0-0: Ball 1-0: Called Strike 1-1: SINGLE (Groundball, 34D)
|
Batting: LHB Brian Roy
|
0-0: Called Strike 0-1: Foul Ball, location: 2F 0-2: Foul Ball, location: 2F 0-2: Foul Ball, location: 2F 0-2: Ball 1-2: Ball 2-2: Foul Ball, location: 2F 2-2: Foul Ball, location: 2F 2-2: Ball 3-2: Foul Ball, location: 2F 3-2: Grounds into double play, 6-4-3 (Groundball, 6)
|
Batting: RHB Alfredo Cortéz
|
0-0: Ball 1-0: Foul Ball, location: 2F 1-1: Ball 2-1: Called Strike 2-2: Strikes out swinging
|
Bottom of the 3rd over - 0 run(s), 1 hit(s), 0 error(s), 0 left on base; San Jose 3 - District 9 2 |
TOP OF THE 4TH |
San Jose Missions batting - Pitching for District 9 Prawns : RHP Eric Love
|
Batting: LHB Wilson Vecino
|
0-0: Called Strike 0-1: Ball 1-1: Foul Ball, location: 2F 1-2: Foul Ball, location: 2F 1-2: Foul Ball, location: 2F 1-2: Strikes out swinging
|
Batting: RHB Peyton Pennington
|
0-0: Foul Ball, location: 2F 0-1: Ball 1-1: Ball 2-1: Called Strike 2-2: Strikes out swinging
|
Batting: LHB Arturo Rivera
|
0-0: Ball 1-0: SINGLE (Flyball, 7S)
|
Batting: RHB Armando López
|
0-0: Called Strike 0-1: DOUBLE (Line Drive, 7LD) Arturo Rivera to third Runner from 3rd tries for Home, SAFE, no throw or cutoff
|
Batting: LHB Miguel Montés
|
0-0: Called Strike 0-1: Swinging Strike 0-2: Foul Ball, location: 2F 0-2: Ball 1-2: Ball 2-2: Foul Ball, location: 2F 2-2: SINGLE (Groundball, 6MD) (infield hit) Armando López to third
|
Batting: RHB Raúl Perales
|
0-0: Ball 1-0: Foul Ball, location: 2F 1-1: Ball 2-1: Foul Ball, location: 2F 2-2: 3-RUN HOME RUN (Flyball, 78XD), Distance : 415 ft
|
Batting: RHB Dave Wookey
|
0-0: Ball 1-0: Called Strike 1-1: Swinging Strike 1-2: Foul Ball, location: 2F 1-2: Strikes out swinging
|
Top of the 4th over - 4 run(s), 4 hit(s), 0 error(s), 0 left on base; San Jose 7 - District 9 2 |
BOTTOM OF THE 4TH |
District 9 Prawns batting - Pitching for San Jose Missions : LHP Ron Seccombe
|
Batting: RHB Tony Guzmán
|
0-0: Ball 1-0: Ball 2-0: SINGLE (Groundball, 56D)
|
Batting: SHB Tommy Bourassa
|
0-0: Ball 1-0: SINGLE (Groundball, 56S) Tony Guzmán to second
|
Batting: RHB Lúcio García
|
0-0: Called Strike 0-1: Called Strike 0-2: Strikes out swinging
|
Batting: RHB Doug O'Brien
|
0-0: Grounds into double play, U6-3 (Groundball, 6M)
|
Bottom of the 4th over - 0 run(s), 2 hit(s), 0 error(s), 1 left on base; San Jose 7 - District 9 2 |
TOP OF THE 5TH |
San Jose Missions batting - Pitching for District 9 Prawns : RHP Eric Love
|
Pitching: RHP Jayson Simms
|
|
Batting: RHB Joe Broadhead
|
0-0: Swinging Strike 0-1: Foul Ball, location: 2F 0-2: Ball 1-2: Strikes out looking
|
Batting: RHB Luis Antonio Rosas
|
0-0: Swinging Strike 0-1: Called Strike 0-2: Ball 1-2: Strikes out looking
|
Batting: LHB Wilson Vecino
|
0-0: Called Strike 0-1: Ball 1-1: Ball 2-1: Swinging Strike 2-2: Ball 3-2: Strikes out looking
|
Top of the 5th over - 0 run(s), 0 hit(s), 0 error(s), 0 left on base; San Jose 7 - District 9 2 |
BOTTOM OF THE 5TH |
District 9 Prawns batting - Pitching for San Jose Missions : LHP Ron Seccombe
|
Batting: RHB Lateef Makini
|
0-0: Ball 1-0: Ball 2-0: Reached on error, E5 (Groundball, 5)
|
Batting: RHB Phil Jacobs
|
0-0: Fielders Choice at 2nd, 6-4 (Groundball, 6M)
|
Batting: SHB Mark Pope
|
0-0: Ball 1-0: Called Strike 1-1: Ball 2-1: Called Strike 2-2: Ball 3-2: Foul Ball, location: 2F 3-2: Strikes out swinging Phil Jacobs is caught stealing 2nd base Batter strikes out.
|
Bottom of the 5th over - 0 run(s), 0 hit(s), 1 error(s), 0 left on base; San Jose 7 - District 9 2 |
TOP OF THE 6TH |
San Jose Missions batting - Pitching for District 9 Prawns : RHP Jayson Simms
|
Batting: RHB Peyton Pennington
|
0-0: Called Strike 0-1: Called Strike 0-2: Ball 1-2: Ball 2-2: Ball 3-2: Base on Balls
|
Batting: LHB Arturo Rivera
|
0-0: Foul Ball, location: 2F 0-1: Called Strike 0-2: Ball 1-2: Ball 2-2: Strikes out swinging
|
Batting: RHB Armando López
|
0-0: Ball 1-0: Ball 2-0: Called Strike 2-1: Called Strike 2-2: Ball 3-2: Fly out, F5 (Line Drive, 5S)
|
Batting: LHB Miguel Montés
|
0-0: Ball 1-0: Ball Peyton Pennington is caught stealing 2nd base
|
Top of the 6th over - 0 run(s), 0 hit(s), 0 error(s), 0 left on base; San Jose 7 - District 9 2 |
BOTTOM OF THE 6TH |
District 9 Prawns batting - Pitching for San Jose Missions : LHP Ron Seccombe
|
Batting: LHB Brian Roy
|
0-0: Called Strike 0-1: Ground out 4-3 (Groundball, 4)
|
Batting: RHB Alfredo Cortéz
|
0-0: Ball 1-0: Called Strike 1-1: Fly out, F6 (Line Drive, 6)
|
Batting: RHB Tony Guzmán
|
0-0: Called Strike 0-1: Ball 1-1: Fly out, F6 (Popup, 6)
|
Bottom of the 6th over - 0 run(s), 0 hit(s), 0 error(s), 0 left on base; San Jose 7 - District 9 2 |
TOP OF THE 7TH |
San Jose Missions batting - Pitching for District 9 Prawns : RHP Jayson Simms
|
Pitching: RHP Doug Adams
|
|
Batting: LHB Miguel Montés
|
0-0: Ball 1-0: Ball 2-0: Ball 3-0: Base on Balls
|
Batting: RHB Raúl Perales
|
0-0: Foul Ball, location: 2F 0-1: Ball 1-1: Fielders Choice at 2nd, 5-4 (Groundball, 56)
|
Batting: RHB Dave Wookey
|
0-0: SINGLE (Line Drive, 7S) Raúl Perales to second
|
Batting: RHB Joe Broadhead
|
0-0: Called Strike 0-1: Foul Ball, location: 2F 0-2: Ball 1-2: Fly out, F9 (Flyball, 9LM)
|
Batting: RHB Luis Antonio Rosas
|
0-0: Ball 1-0: Fly out, F8 (Flyball, 8LM)
|
Top of the 7th over - 0 run(s), 1 hit(s), 0 error(s), 2 left on base; San Jose 7 - District 9 2 |
BOTTOM OF THE 7TH |
District 9 Prawns batting - Pitching for San Jose Missions : LHP Ron Seccombe
|
Batting: SHB Tommy Bourassa
|
0-0: Ball 1-0: Swinging Strike 1-1: Ball 2-1: SINGLE (Groundball, 4MD)
|
Batting: RHB Lúcio García
|
0-0: Ball 1-0: Foul Ball, location: 2F 1-1: Ball 2-1: Ball 3-1: Called Strike 3-2: Reached on error, E4 (Groundball, 4) Tommy Bourassa to second
|
Pitching: RHP Gabriel Moore
|
|
Batting: RHB Doug O'Brien
|
0-0: Called Strike 0-1: Fly out, F9 (Flyball, 89S)
|
Batting: RHB Lateef Makini
|
0-0: Ball 1-0: Foul Ball, location: 2F 1-1: Ball 2-1: Reached on error, E5 (Groundball, 5) Tommy Bourassa to third Lúcio García to second
|
Batting: RHB Phil Jacobs
|
0-0: Ball 1-0: Ball 2-0: Ball 3-0: Called Strike 3-1: Base on Balls Tommy Bourassa scores Lúcio García to third Lateef Makini to second
|
Batting: SHB Mark Pope
|
0-0: Called Strike 0-1: Foul Ball, location: 2F 0-2: Ball 1-2: Ball 2-2: Ball 3-2: Base on Balls Lúcio García scores Lateef Makini to third Phil Jacobs to second
|
Batting: LHB Brian Roy
|
0-0: Ball 1-0: DOUBLE (Line Drive, 5D) Lateef Makini scores Phil Jacobs scores Mark Pope to third
|
Batting: RHB Alfredo Cortéz
|
0-0: Ball 1-0: Ball 2-0: Ball 3-0: Called Strike 3-1: Base on Balls
|
Batting: RHB Tony Guzmán
|
0-0: Called Strike 0-1: Ball 1-1: SINGLE (Groundball, 4MD) Mark Pope scores Brian Roy to third Alfredo Cortéz to second
|
Batting: SHB Tommy Bourassa
|
0-0: Ball 1-0: Called Strike 1-1: Reached on error, E3 (Groundball, 3) Brian Roy scores Alfredo Cortéz to third Tony Guzmán to second
|
Batting: RHB Lúcio García
|
0-0: Fly out, F7 (Flyball, 78D) Runner from 3rd tags up, SCORES, no throw
|
Pinch Hitting: RHB Mal Snyder
|
0-0: Swinging Strike 0-1: Foul Ball, location: 2F 0-2: Foul Ball, location: 2F 0-2: Foul Ball, location: 2F 0-2: Ball 1-2: Ball 2-2: Fly out, F7 (Flyball, 7D)
|
Bottom of the 7th over - 7 run(s), 3 hit(s), 3 error(s), 2 left on base; San Jose 7 - District 9 9 |
TOP OF THE 8TH |
San Jose Missions batting - Pitching for District 9 Prawns : RHP Doug Adams
|
Now at 1B: Mal Snyder
|
|
Batting: LHB Wilson Vecino
|
0-0: Ball 1-0: Called Strike 1-1: SINGLE (Groundball, 56D)
|
Pitching: RHP Julián Romero
|
|
Batting: RHB Peyton Pennington
|
0-0: Ball 1-0: Ball 2-0: Ball 3-0: Base on Balls Wilson Vecino to second
|
Batting: LHB Arturo Rivera
|
0-0: Bunted foul 0-1: Bunted foul 0-2: Foul Ball, location: 2F 0-2: Ground out 4-3 (Groundball, 4MS) Wilson Vecino to third Peyton Pennington to second
|
Batting: RHB Armando López
|
0-0: Ball 1-0: Called Strike 1-1: Called Strike 1-2: Foul Ball, location: 2F 1-2: Foul Ball, location: 2F 1-2: Foul Ball, location: 2F 1-2: Fly out, F9 (Flyball, 9M)
|
Batting: LHB Miguel Montés
|
0-0: Called Strike 0-1: Ball 1-1: Ground out 1-3 (Groundball, 15S)
|
Top of the 8th over - 0 run(s), 1 hit(s), 0 error(s), 2 left on base; San Jose 7 - District 9 9 |
BOTTOM OF THE 8TH |
District 9 Prawns batting - Pitching for San Jose Missions : RHP Gabriel Moore
|
Batting: RHB Lateef Makini
|
0-0: Swinging Strike 0-1: SINGLE (Groundball, 6MD)
|
Batting: RHB Phil Jacobs
|
0-0: Sac Bunt - play at first, batter OUT! 1-3 Lateef Makini to second
|
Batting: SHB Mark Pope
|
0-0: DOUBLE (Line Drive, 9LM) Lateef Makini scores
|
Batting: LHB Brian Roy
|
0-0: Called Strike 0-1: Ground out 3-1 (Groundball, 34) Mark Pope to third
|
Batting: RHB Alfredo Cortéz
|
0-0: Ball 1-0: Ground out 5-3 (Groundball, 5S)
|
Bottom of the 8th over - 1 run(s), 2 hit(s), 0 error(s), 1 left on base; San Jose 7 - District 9 10 |
TOP OF THE 9TH |
San Jose Missions batting - Pitching for District 9 Prawns : RHP Julián Romero
|
Pitching: RHP Gerard Allen
|
|
Batting: RHB Raúl Perales
|
0-0: Called Strike 0-1: Swinging Strike 0-2: Strikes out swinging
|
Batting: RHB Dave Wookey
|
0-0: Ball 1-0: Called Strike 1-1: Ball 2-1: SINGLE (Line Drive, 7S)
|
Batting: RHB Joe Broadhead
|
0-0: Ball 1-0: Foul Ball, location: 2F 1-1: Fly out, F8 (Flyball, 8RS)
|
Batting: RHB Luis Antonio Rosas
|
0-0: SINGLE (Groundball, 6MD) Dave Wookey to second Runner from 2nd tries for 3rd, SAFE, throw made to third
|
Pinch Hitting: RHB Mike Gordon
|
0-0: Called Strike 0-1: Ball 1-1: Swinging Strike 1-2: Strikes out swinging
|
Top of the 9th over - 0 run(s), 2 hit(s), 0 error(s), 2 left on base; San Jose 7 - District 9 10 |
|